 Dungeon Crawl Stone Soup version 0.23.1-42-g8abd8fc (webtiles) character file.

Game seed: 1781320751763091400

51387 dhn the Severer (level 14, -2/125 HPs)
             Began as a Minotaur Fighter on Mar 30, 2019.
             Slain by a sixfirhy (12 damage)
             ... summoned by an orc sorcerer
             ... on level 2 of the Orcish Mines.
             The game lasted 01:02:53 (29273 turns).

dhn the Severer (Minotaur Fighter)                 Turns: 29273, Time: 01:02:53

Health: -2/125     AC: 28    Str: 22      XL:     14   Next: 23%
Magic:  18/18      EV: 23    Int: 10 (11) God:
Gold:   944        SH: 12    Dex: 11      Spells: 20/23 levels left

rFire    . . .     SeeInvis .   I - +1 war axe (chop)
rCold    . . .     Gourm    .   c - +0 shield
rNeg     + . .     Faith    .   L - +0 plate armour
rPois    +         Spirit   .   (helmet restricted)
rElec    .         Reflect  .   G - +2 cloak {rPois}
rCorr    .         Harm     .   X - +2 pair of gloves
MR       +....     Rnd*Rage +   w - +0 pair of boots
Stlth    ..........             g - amulet of the acrobat
HPRegen  0.30/turn              Q - ring of flight
MPRegen  0.16/turn              R - ring of Azulileefi {rN+ AC+4 Int+5 Stlth-}

@: acrobat, hasted, very quick
A: retaliatory headbutt, horns 2, berserk 1, dopey 1, low mp 1, no potion heal 1
a: Evoke Flight


You were on level 2 of the Orcish Mines.
You were hungry.

You visited 3 branches of the dungeon, and saw 18 of its levels.
You also visited: Ossuary, Bailey and Ice Cave.

You collected 1012 gold pieces.
You spent 68 gold pieces at shops.

Inventory:

Hand Weapons
 a - a +1 war axe
 i - a +0 trident
 I - a +1 war axe of chopping (weapon)
Armour
 b - a +0 scale mail
 c - a +0 shield (worn)
 h - a +0 pair of gloves
 j - a +0 cloak
 u - a scarf of repulsion
 w - a +0 pair of boots (worn)
 G - a +2 cloak of poison resistance (worn)
 L - a +0 plate armour (worn)
 X - a +2 pair of gloves (worn)
 Y - a +2 cloak of cold resistance
 Z - a +2 buckler of cold resistance
Jewellery
 g - an amulet of the acrobat (around neck)
 z - an uncursed ring of positive energy
 Q - a ring of flight (left hand)
 R - the ring of Azulileefi (right hand) {rN+ AC+4 Int+5 Stlth-}
   (You found it on level 8 of the Dungeon)

   [ring of protection]

   It affects your AC (+4).
   It affects your intelligence (+5).
   It protects you from negative energy.
   It makes you less stealthy.
Wands
 r - a wand of flame (17)
 J - a wand of iceblast (11)
 T - a wand of enslavement (1)
 W - a wand of digging (2)
Scrolls
 k - a scroll of identify
 l - 3 scrolls of enchant armour
 n - 5 scrolls of teleportation
 p - 4 scrolls of magic mapping
 s - 3 scrolls of blinking {unknown}
 t - 7 scrolls of enchant weapon
 y - 7 scrolls of remove curse
 D - a scroll of noise
 E - 2 scrolls of fear {unknown}
 F - 3 scrolls of fog {unknown}
 H - 3 scrolls of immolation {unknown}
 M - 2 scrolls of random uselessness {unknown}
 P - a scroll of acquirement {unknown}
Potions
 d - a potion of might
 e - 4 potions of agility
 m - 3 potions of brilliance
 o - 3 potions of flight {unknown}
 q - 3 potions of degeneration
 v - a potion of heal wounds
 x - 2 potions of haste
 A - 2 potions of mutation {unknown}
 B - 4 potions of curing
 C - 5 potions of lignification
 N - a potion of experience {unknown}
 O - a potion of resistance {unknown}
 S - 2 potions of invisibility {unknown}
 U - 4 potions of berserk rage
 V - a potion of ambrosia {unknown}
Comestibles
 f - 12 rations


   Skills:
 + Level 11.7 Fighting
 + Level 16.1(16.2) Axes
 + Level 3.0(11.3) Polearms
 + Level 12.7 Armour
 + Level 4.1 Dodging
 + Level 1.9 Stealth
 + Level 11.2 Shields
 + Level 5.0 Spellcasting
 + Level 2.5 Conjurations
 + Level 6.0 Translocations
 + Level 1.7 Evocations


You had 20 spell levels left.
You knew the following spells:

 Your Spells              Type           Power        Failure   Level  Hunger
a - Magic Dart            Conj           #...         83%         1    None
b - Blink                 Tloc           N/A          45%         2    ##.....

Your spell library contained the following spells:

 Spells                   Type           Power        Failure   Level  Hunger
 Gell's Gravitas          Tloc           ##........   71%         3    ###....
 Flame Tongue             Conj/Fire      #....        94%         1    None
 Throw Flame              Conj/Fire      #.....       98%         2    ##.....
 Beastly Appendage        Tmut           #.....       99%         1    None
 Confusing Touch          Hex            #.....       99%         1    None
 Call Imp                 Summ           #.......     99%         2    ##.....
 Slow                     Hex            #.......     99%         2    ##.....
 Sticks to Snakes         Tmut           #.......     99%         2    ##.....
 Confuse                  Hex            #.......     100%        3    ###....
 Conjure Flame            Conj/Fire      #.......     100%        3    ###....
 Inner Flame              Hex/Fire       #.......     100%        3    ###....
 Mephitic Cloud           Conj/Pois/Air  #.......     100%        3    ###....
 Spider Form              Tmut/Pois      #.........   100%        3    ###....
 Ice Form                 Ice/Tmut       #.......     100%        4    ####...
 Petrify                  Tmut/Erth      #.......     100%        4    ####...
 Sticky Flame             Conj/Fire      #.......     100%        4    ####...
 Blade Hands              Tmut           #.........   100%        5    ######.
 Fireball                 Conj/Fire      #.........   100%        5    ######.
 Metabolic Englaciation   Hex/Ice        #.........   100%        5    ######.
 Yara's Violent Unravell  Hex/Tmut       #.........   100%        5    ######.


Dungeon Overview and Level Annotations

Branches:
Dungeon (11/15)            Temple (0/1) D:7            Lair (5/6) D:8
  Swamp (0/4) Lair:4        Snake (0/4) Lair:3          Orc (2/2) D:11
    Elf (0/3) Orc:2
  Slime: Lair:5-6

Altars:
Fedhas
Hepliaklqana
Ru
Trog
Xom
Beogh

Shops:
D:8 =%   Orc:2 !(

Annotations:
Lair:1 2 runed translucent doors, fly's ghost, journeyman TeFi
Orc:1 Erolcha


Innate Abilities, Weirdness & Mutations

You reflexively headbutt those who attack you in melee.
You have a pair of horns on your head.
You tend to lose your temper in combat.
You are dopey. (Int -2)
Your magical capacity is low. (-10% MP)
Potions are less effective at restoring your health.


Message History

The hellwing completely misses you.
The orc sorcerer hits you but does no damage.
The hellwing misses you. You furiously retaliate!
You headbutt the hellwing! You block the hellwing's attack.
The orc sorcerer gestures at you while chanting.
The bolt of fire misses you. You block the hellwing's attack.
The hellwing completely misses you. The sixfirhy barely misses you.
The hellwing disappears in a puff of smoke!
You block the sixfirhy's attack.
The sixfirhy hits you but does no damage.
The orc sorcerer misses you. You furiously retaliate!
You headbutt the orc sorcerer. The sixfirhy barely misses you.
The sixfirhy closely misses you. You block the sixfirhy's attack.
The orc sorcerer hits you but does no damage.
The sixfirhy hits you.
* * * LOW HITPOINT WARNING * * *
The sixfirhy shocks you!
You die...

..# #≈..≈≈≈≈$.# ##..........##
..# #≈...≈≈≈..# #......#....##
..###≈...≈≈≈..# ##(..........##
...####.......# ##..(...#.#..###
...## ####..≈## #...((.......##.
....## ##...####.....(.......#.
.....## #....##...........#....
......######..##............##.#.
.........###..#o@.............#..
.....$.........§3#...............
................###..............
...............## ##.............
..............## ##...#....#...
.............## ##.##.......#
............## ...######.......
..........$## .4#.# ##.....#
..........## 4...# #.....##


You could see a sixfirhy and an orc sorcerer.

Vanquished Creatures
  An orc warlord (Bailey)
  A reaper (IceCv)
  4 hydras
  An ogre mage (Orc:2)
  5 two-headed ogres
  Nergalle (Lair:4)
  A sixfirhy (Orc:2)
  An unseen horror (D:11)
  5 orc knights
  4 orc sorcerers (Orc:2)
  An oklob plant (Lair:3)
  2 cyclopes
  3 black mambas
  Joseph (D:8)
  Psyche (D:8)
  5 elephants (Lair:5)
  2 ice statues (IceCv)
  8 spiny frogs
  3 rime drakes
  6 komodo dragons
  9 ice devils
  4 trolls
  2 hornets
  A bog body (Lair:4)
  11 blink frogs
  12 hippogriffs
  A ynoxinul (Orc:2)
  A wraith (D:10)
  31 yaks
  A wyvern (Lair:4)
  2 basilisks
  A neqoxec (Orc:2)
  A soldier ant (D:9)
  7 wargs (Orc:2)
  Menkaure (D:4)
  2 nagas (Lair:3)
  Duvessa (D:7)
  11 porcupines
  9 water moccasins
  2 phantoms (D:4)
  4 sky beasts
  24 orc warriors
  An ice beast (D:9)
  24 ogres
  12 wolves
  2 centaurs
  3 crocodiles
  2 elf zombies (Ossuary)
  2 big kobolds
  11 bullfrogs
  Dowan (D:7)
  6 scorpions
  5 killer bees
  3 electric eels
  4 bullfrog zombies
  4 crimson imps
  A human zombie (Ossuary)
  A quasit (D:6)
  2 bullfrog skeletons
  3 centaur zombies
  A centaur skeleton (D:4)
  4 hounds
  3 jellies
  23 orc priests
  18 orc wizards
  Crazy Yiuf (D:2)
  2 iguanas (D:4)
  Ijyb (D:3)
  Natasha (thrice) (D:4)
  6 hell rats (Lair:3)
  5 worker ants
  A big kobold zombie (Ossuary)
  3 hound zombies
  2 mummies (Ossuary)
  Robin (D:3)
  2 howler monkey skeletons
  13 adders
  3 gnolls (Bailey)
  15 river rats (Lair:3)
  4 shadow imps
  6 white imps (IceCv)
  7 ufetubi (IceCv)
  2 oozes
  2 adder skeletons
  3 adder zombies
  4 worms
  6 dart slugs
  5 leopard geckos
  63 orcs
  10 bats
  9 giant cockroaches
  23 goblins
  7 hobgoblins
  15 jackals
  30 kobolds
  8 quokkas
  A ball python (D:3)
  3 frilled lizards (D:1)
  6 hobgoblin zombies (Ossuary)
  A jackal zombie (Ossuary)
  8 kobold zombies (Ossuary)
  12 orc zombies (Ossuary)
  2 quokka skeletons
  23 rats
  2 rat zombies (Ossuary)
  4 fungi
  A plant (Lair:5)
655 creatures vanquished.

Vanquished Creatures (collateral kills)
  A troll (Orc:1)
  An ogre (Orc:1)
2 creatures vanquished.

Vanquished Creatures (others)
  5 white imps (IceCv)
  3 ufetubi (IceCv)
  A bat (D:1)
  2 bushes (Lair:1)
  5 fungi
  4 plants
20 creatures vanquished.

Grand Total: 677 creatures vanquished

Notes
Turn   | Place    | Note
-------+----------+-------------------------------------------
     0 | D:1      | dhn the Minotaur Fighter began the quest for the Orb.
     0 | D:1      | Reached XP level 1. HP: 19/19 MP: 0/0
    76 | D:1      | Reached XP level 2. HP: 23/27 MP: 1/1
   624 | D:1      | Reached XP level 3. HP: 33/33 MP: 2/2
   629 | D:1      | Reached skill level 3 in Axes
  1141 | D:2      | Found a hazy altar of Hepliaklqana.
  1370 | D:2      | Reached XP level 4. HP: 40/40 MP: 3/3
  1462 | D:2      | Found a runed translucent door.
  1463 | D:2      | Noticed Crazy Yiuf
  1495 | D:3      | Noticed Ijyb
  1507 | D:3      | Killed Ijyb
  1513 | D:3      | Reached skill level 4 in Axes
  1845 | D:3      | Learned a level 1 spell: Magic Dart
  1848 | D:3      | Learned a level 2 spell: Blink
  1932 | D:3      | Noticed Robin
  1937 | D:3      | Reached XP level 5. HP: 46/46 MP: 4/4
  1946 | D:3      | Killed Robin
  2173 | D:4      | Noticed Natasha
  2179 | D:4      | Killed Natasha
  2179 | D:4      | Reached skill level 1 in Dodging
  2188 | D:4      | Reached skill level 1 in Translocations
  2376 | D:4      | Reached XP level 6. HP: 48/52 MP: 5/5
  2525 | D:4      | Reached skill level 5 in Axes
  2559 | D:4      | Reached skill level 5 in Shields
  2608 | D:4      | Noticed Menkaure
  2621 | D:4      | Killed Menkaure
  2621 | D:4      | Reached skill level 5 in Armour
  2621 | D:4      | Reached XP level 7. HP: 29/60 MP: 5/7
  2627 | D:4      | Noticed Natasha
  2640 | D:4      | Killed Natasha
  2683 | D:4      | Noticed Natasha
  2933 | D:4      | Reached skill level 1 in Spellcasting
  3147 | D:4      | Killed Natasha
  3353 | D:5      | Entered Level 5 of the Dungeon
  3655 | D:4      | Reached skill level 6 in Axes
  3727 | D:5      | Found a bloodstained altar of Trog.
  3800 | D:5      | Reached XP level 8. HP: 47/67 MP: 9/9
  3814 | D:5      | Found a sand-covered staircase.
  3823 | Ossuary  | Entered an ossuary
  3979 | Ossuary  | Reached skill level 5 in Fighting
  3979 | Ossuary  | Reached skill level 7 in Axes
  4962 | D:2      | Killed Crazy Yiuf
  5186 | D:6      | Noticed a hornet
  5808 | D:6      | Reached skill level 8 in Axes
  5824 | D:6      | Killed a hornet
  5824 | D:6      | Reached XP level 9. HP: 70/74 MP: 11/11
  6303 | D:7      | Found a staircase to the Ecumenical Temple.
  6433 | D:7      | Noticed Dowan
  6434 | D:7      | Noticed Duvessa
  6459 | D:7      | Killed Duvessa
  6464 | D:7      | Killed Dowan
  6620 | D:7      | Found a sacrificial altar of Ru.
  6874 | D:8      | Reached skill level 9 in Axes
  6977 | D:8      | Noticed Psyche
  6992 | D:8      | Killed Psyche
  7087 | D:8      | Noticed Joseph
  7124 | D:8      | Killed Joseph
  7129 | D:8      | Found a flagged portal.
  7152 | Bailey   | Entered a bailey
  7324 | Bailey   | Noticed an orc warlord
  7372 | Bailey   | Noticed an orc knight
  7423 | Bailey   | Killed an orc knight
  7423 | Bailey   | Reached XP level 10. HP: 19/84 MP: 14/14
  7884 | Bailey   | Found a runed translucent gate.
  7884 | Bailey   | Found a runed translucent gate.
  7884 | Bailey   | Found a runed translucent gate.
  8238 | Bailey   | Killed an orc warlord
  8238 | Bailey   | Reached skill level 10 in Axes
  9335 | D:8      | Found Sadey's Food Emporium.
  9347 | D:8      | Got a wavering steel ring
  9362 | D:8      | Reached skill level 1 in Stealth
  9376 | D:8      | Found Tunaucul's Jewellery Boutique.
  9519 | D:8      | Found a staircase to the Lair.
  9785 | D:8      | Reached skill level 5 in Translocations
  9993 | Lair:1   | Entered Level 1 of the Lair of Beasts
 10045 | Lair:1   | Noticed a spiny frog
 10074 | Lair:1   | Killed a spiny frog
 10418 | Lair:1   | Noticed a spiny frog
 10426 | Lair:1   | Killed a spiny frog
 11035 | Lair:1   | Noticed a five-headed hydra
 11160 | D:9      | Reached XP level 11. HP: 92/92 MP: 16/16
 11595 | D:9      | Found a shimmering altar of Xom.
 11676 | D:9      | Found a blossoming altar of Fedhas.
 11710 | D:9      | Reached skill level 11 in Axes
 12377 | D:10     | Entered Level 10 of the Dungeon
 12382 | D:9      | Paralysed by a hornet for 2 turns
 13733 | D:11     | Identified the ring of Azulileefi {rN+ AC+4 Int+5 Stlth-}
                  | (You found it on level 8 of the Dungeon)
 13848 | D:11     | Found a frozen archway.
 13879 | D:10     | Reached skill level 12 in Axes
 14094 | IceCv    | Entered an ice cave
 16479 | IceCv    | Noticed a reaper
 16492 | IceCv    | Killed a reaper
 16492 | IceCv    | Reached skill level 10 in Armour
 16492 | IceCv    | Reached skill level 1 in Evocations
 16492 | IceCv    | Reached XP level 12. HP: 90/103 MP: 17/17
 16516 | IceCv    | Identified the +11 demon blade of Conformity {venom, Dex+6}
                  | (You found it in an ice cave)
 17898 | D:11     | Reached skill level 13 in Axes
 18189 | D:11     | Found a staircase to the Orcish Mines.
 18194 | D:11     | Found a roughly hewn altar of Beogh.
 18714 | Orc:1    | Entered Level 1 of the Orcish Mines
 18714 | Orc:1    | Noticed an ettin
 20342 | Orc:1    | Noticed a two-headed ogre
 20345 | Orc:1    | Noticed a two-headed ogre
 20346 | Orc:1    | Noticed a two-headed ogre
 20348 | Orc:1    | Killed a two-headed ogre
 20351 | Orc:1    | Killed a two-headed ogre
 20509 | Orc:1    | Killed a two-headed ogre
 20551 | Orc:1    | Noticed a two-headed ogre
 20551 | Orc:1    | Noticed a two-headed ogre
 20551 | Orc:1    | Noticed Erolcha
 20551 | Orc:1    | Noticed a two-headed ogre
 20834 | Lair:1   | Reached skill level 1 in Conjurations
 20837 | Lair:1   | Found a large runed translucent door.
 20841 | Lair:1   | Found a large runed translucent door.
 20845 | Lair:1   | Noticed fly's ghost (journeyman TeFi)
 20971 | Lair:1   | Noticed a five-headed hydra
 20998 | Lair:1   | Killed a five-headed hydra
 21529 | Lair:1   | Killed a six-headed hydra
 21529 | Lair:1   | Reached skill level 1 in Polearms
 21948 | Lair:2   | Noticed a six-headed hydra
 23024 | Lair:3   | Reached skill level 5 in Spellcasting
 23030 | Lair:3   | Reached XP level 13. HP: 91/113 MP: 19/19
 23054 | Lair:3   | Reached skill level 10 in Fighting
 23241 | Lair:3   | Reached skill level 14 in Axes
 23275 | Lair:3   | Found a staircase to the Snake Pit.
 24993 | Lair:4   | Noticed Nergalle
 25011 | Lair:4   | Killed Nergalle
 25068 | Lair:4   | Found a staircase to the Swamp.
 25767 | Lair:5   | Reached skill level 10 in Shields
 25773 | Lair:5   | Reached skill level 15 in Axes
 26973 | Orc:2    | Entered Level 2 of the Orcish Mines
 27526 | Orc:1    | Reached XP level 14. HP: 72/124 MP: 20/20
 27919 | Orc:2    | Found Punicant's Weapon Shop.
 28164 | Orc:2    | Reached skill level 16 in Axes
 28247 | Orc:2    | Found a staircase to the Elven Halls.
 28345 | Orc:2    | Found Komn's Distillery.
 28347 | Orc:2    | Found Seug Oty's Distillery.
 29120 | Orc:2    | Bought a potion of degeneration for 17 gold pieces
 29120 | Orc:2    | Bought a potion of curing for 51 gold pieces
 29217 | Orc:2    | Paralysed by an orc sorcerer for 6 turns
 29230 | Orc:2    | Gained mutation: You are dopey. (Int -2) [a neqoxec]
 29231 | Orc:2    | Gained mutation: Potions are less effective at restoring
                  | your health. [a neqoxec]
 29233 | Orc:2    | Gained mutation: You tend to lose your temper in combat. [a
                  | neqoxec]
 29236 | Orc:2    | Paralysed by an orc sorcerer for 2 turns
 29254 | Orc:2    | Gained mutation: Your magical capacity is low. (-10% MP) [a
                  | neqoxec]
 29273 | Orc:2    | Slain by a sixfirhy

Skill      XL: |  1  2  3  4  5  6  7  8  9 10 11 12 13 14 |
---------------+-------------------------------------------+-----
Armour         | 4 5 6 7 8 10 12 | 12.7
Shields        | 4 5 6 7 8 9 10 11 | 11.2
Axes           | 3 4 5 6 8 9 10 12 13 15 16 | 16.1
Fighting       | 4 5 6 7 8 9 11 | 11.7
Dodging        | 2 3 4 |  4.1
Translocations | 1 2 3 4 5 6 |  6.0
Spellcasting   | 1 2 3 4 5 |  5.0
Stealth        | 1 |  1.9
Evocations     | 1 |  1.7
Conjurations   | 2 |  2.5
Polearms       | 1 3 |  3.0

Action                   |  1- 3 |  4- 6 |  7- 9 | 10-12 | 13-15 || total
-------------------------+-------+-------+-------+-------+-------++-------
Melee: War axe           |   111 |   129 |   360 |   825 |   668 ||  2093
       Headbutt          |    10 |    26 |    74 |   197 |   141 ||   448
       Trident           |       |       |       |    39 |    19 ||    58
       Scythe            |       |       |       |     1 |       ||     1
 Cast: Magic Dart        |       |       |       |    30 |       ||    30
       Blink             |       |       |       |     1 |       ||     1
 Abil: Evoke Flight      |       |       |       |     8 |       ||     8
Evoke: Wand              |       |       |     3 |    14 |     2 ||    19
  Use: Scroll            |       |       |     7 |    11 |     2 ||    20
       Potion            |       |       |     3 |    13 |     2 ||    18
  Eat: Chunk             |     1 |     4 |     9 |    21 |     7 ||    42
       Ration            |       |       |     2 |     9 |     4 ||    15
Armor: Scale mail        |    49 |    69 |    97 |       |       ||   215
       Plate armour      |       |       |    81 |   534 |   349 ||   964
Dodge: Dodged            |    45 |    38 |   161 |   422 |   260 ||   926
       Deflected         |       |     6 |       |       |       ||     6
Block: Shield            |    65 |    70 |   256 |   171 |   427 ||   989
